Selects Advanced Infantry Battlegroup
Selects Ammunition Storage
Selects M2A1 105mm Howitzer Emplacement
M1918 Browning Automatic Rifles
Selects Convert to Ranger Squad
Selects Designate Assault Position
Selects 155mm Rapid Artillery Barrage
Construct Weapon Support Center
Selects Ranger Weapon Training
M18 Hellcat Tank Destroyer
155mm Rapid Artillery Barrage
M18 Hellcat Tank Destroyer
M18 Hellcat Tank Destroyer
M18 Hellcat Tank Destroyer